PAAA
BAKERSFIELD NOBLES @ ROYSE CITY TARGARYENS
07/29/2021
 
TOP OF THE 1ST
Bakersfield Nobles batting - Pitching for Royse City Targaryens : RHP Wally Nelson
Pitching: RHP Wally Nelson
Batting: RHB Arnie Latham 0-0: Ball
1-0: Ball
2-0: Ball
3-0: Base on Balls
Batting: SHB Stephen Yates 0-0: Called Strike
0-1: Fly out, F9 (Flyball, 89M)
0-1: Fly out, F9 (Flyball, 89M)
Batting: LHB Emery Miller 0-0: Swinging Strike
0-1: Ball
1-1: Ball
2-1: Fielders Choice at 2nd, 6-4 (Groundball, 6)
Batting: LHB Luis Velázquez 0-0: Called Strike
Emery Miller steals 2nd base
0-1: Ball
1-1: Foul Ball, location: 2F
1-2: Ground out 6-3 (Groundball, 56)
Top of the 1st over - 0 run(s), 0 hit(s), 0 error(s), 1 left on base; Bakersfield 0 - Royse City 0
BOTTOM OF THE 1ST
Royse City Targaryens batting - Pitching for Bakersfield Nobles : LHP Tomiji Saikawa
Pitching: LHP Tomiji Saikawa
Batting: RHB Henry Jones 0-0: Called Strike
0-1: SINGLE (Flyball, 4D)
Batting: RHB Ray Porch 0-0: Called Strike
0-1: Fly out, F4 (Line Drive, 4)
0-1: Lined into DP, 4-3 (Line Drive, 4)
Batting: RHB Steve Dunn 0-0: Ball
1-0: Called Strike
1-1: Ball
2-1: Foul Ball, location: 2F
2-2: Ball
3-2: Base on Balls
Batting: RHB Steve Brandon 0-0: Foul Ball, location: 2F
0-1: Swinging Strike
0-2: Ball
1-2: Ball
2-2: Fly out, F3 (Popup, 23F)
Bottom of the 1st over - 0 run(s), 1 hit(s), 0 error(s), 1 left on base; Bakersfield 0 - Royse City 0
TOP OF THE 2ND
Bakersfield Nobles batting - Pitching for Royse City Targaryens : RHP Wally Nelson
Batting: LHB Juan González 0-0: Ball
1-0: Ball
2-0: Foul Ball, location: 2F
2-1: Ground out 1-3 (Groundball, 15S)
Batting: RHB Floyd Mitchell 0-0: Called Strike
0-1: DOUBLE (Flyball, 78XD)
Batting: RHB Ron Gérard 0-0: Ball
1-0: Ball
2-0: SINGLE (Groundball, 6)
Floyd Mitchell to third
Batting: RHB Lloyd Alberink 0-0: Swinging Strike
0-1: Ball
1-1: Ball
2-1: Fly out, F8 (Flyball, 8RM)
Runner from 3rd tags up, SCORES, throw made
Now in CF: Thomas Dunlap
Batting: RHB Dong-po Tien 0-0: Called Strike
Ron Gérard is caught stealing 2nd base
Top of the 2nd over - 1 run(s), 2 hit(s), 0 error(s), 0 left on base; Bakersfield 1 - Royse City 0
BOTTOM OF THE 2ND
Royse City Targaryens batting - Pitching for Bakersfield Nobles : LHP Tomiji Saikawa
Batting: RHB Brian King 0-0: Foul Ball, location: 2F
0-1: Called Strike
0-2: Ball
1-2: Ball
2-2: Ball
3-2: Strikes out swinging
Batting: LHB Fernando Ramírez 0-0: Ball
1-0: Ball
2-0: Ball
3-0: Base on Balls
Batting: LHB Juan Valdéz 0-0: Ball
1-0: Ball
2-0: Foul Ball, location: 2F
2-1: Called Strike
2-2: Strikes out looking
Batting: RHB Thomas Dunlap 0-0: Ball
1-0: Ground out U3 (Groundball, 3)
Bottom of the 2nd over - 0 run(s), 0 hit(s), 0 error(s), 1 left on base; Bakersfield 1 - Royse City 0
TOP OF THE 3RD
Bakersfield Nobles batting - Pitching for Royse City Targaryens : RHP Wally Nelson
Batting: RHB Dong-po Tien 0-0: Ball
1-0: Foul Ball, location: 2F
1-1: Ground out 5-3 (Groundball, 56)
Batting: RHB Arnie Latham 0-0: Fly out, F4 (Line Drive, 4)
Batting: SHB Stephen Yates 0-0: Ball
1-0: Called Strike
1-1: Ball
2-1: Called Strike
2-2: Ground out 4-3 (Groundball, 4M)
Top of the 3rd over - 0 run(s), 0 hit(s), 0 error(s), 0 left on base; Bakersfield 1 - Royse City 0
BOTTOM OF THE 3RD
Royse City Targaryens batting - Pitching for Bakersfield Nobles : LHP Tomiji Saikawa
Batting: LHB Miguel Juárez 0-0: Ball
1-0: Ball
2-0: Foul Ball, location: 2F
2-1: Ball
3-1: Foul Ball, location: 2F
3-2: Strikes out swinging
Batting: RHB Henry Jones 0-0: Swinging Strike
0-1: Swinging Strike
0-2: Ball
1-2: Ball
2-2: Ball
3-2: Fly out, F9 (Flyball, 9S)
Batting: RHB Ray Porch 0-0: Ball
1-0: Swinging Strike
1-1: Foul Ball, location: 2F
1-2: Foul Ball, location: 2F
1-2: Ball
2-2: Ball
3-2: Foul Ball, location: 2F
3-2: SINGLE (Line Drive, 89M)
Batting: RHB Steve Dunn 0-0: Foul Ball, location: 2F
0-1: Foul Ball, location: 2F
0-2: Fly out, F9 (Flyball, 89XD)
Bottom of the 3rd over - 0 run(s), 1 hit(s), 0 error(s), 1 left on base; Bakersfield 1 - Royse City 0
TOP OF THE 4TH
Bakersfield Nobles batting - Pitching for Royse City Targaryens : RHP Wally Nelson
Batting: LHB Emery Miller 0-0: Called Strike
0-1: Swinging Strike
0-2: Ground out 3-1 (Groundball, 34)
Batting: LHB Luis Velázquez 0-0: SINGLE (Groundball, 5D)
Batting: LHB Juan González 0-0: Ball
Luis Velázquez steals 2nd base
1-0: Ball
2-0: Ball
3-0: Called Strike
3-1: Base on Balls
Batting: RHB Floyd Mitchell 0-0: Called Strike
0-1: Ball
1-1: Foul Ball, location: 2F
1-2: Fly out, F6 (Popup, 6MD)
Batting: RHB Ron Gérard 0-0: Ball
1-0: Called Strike
1-1: Ball
2-1: Called Strike
2-2: Ball
3-2: Ground out 1-3 (Groundball, 13)
Top of the 4th over - 0 run(s), 1 hit(s), 0 error(s), 2 left on base; Bakersfield 1 - Royse City 0
BOTTOM OF THE 4TH
Royse City Targaryens batting - Pitching for Bakersfield Nobles : LHP Tomiji Saikawa
Batting: RHB Steve Brandon 0-0: Ball
1-0: Ball
2-0: Called Strike
2-1: Called Strike
2-2: Ground out 5-3 (Groundball, 5)
Batting: RHB Brian King 0-0: Foul Ball, location: 2F
0-1: Ball
1-1: Swinging Strike
1-2: Ball
2-2: Fly out, F7 (Flyball, 78M)
Batting: LHB Fernando Ramírez 0-0: Called Strike
0-1: Ball
1-1: Foul Ball, location: 2F
1-2: Ball
2-2: Strikes out looking
Bottom of the 4th over - 0 run(s), 0 hit(s), 0 error(s), 0 left on base; Bakersfield 1 - Royse City 0
TOP OF THE 5TH
Bakersfield Nobles batting - Pitching for Royse City Targaryens : RHP Wally Nelson
Batting: RHB Lloyd Alberink 0-0: DOUBLE (Line Drive, 56D)
Batting: RHB Dong-po Tien 0-0: Swinging Strike
0-1: Ball
1-1: Ball
2-1: Foul Ball, location: 2F
2-2: Ground out 6-3 (Groundball, 56)
Batting: RHB Arnie Latham 0-0: Ball
1-0: Foul Ball, location: 2F
1-1: Foul Ball, location: 2F
1-2: Foul Ball, location: 2F
1-2: Foul Ball, location: 2F
1-2: DOUBLE (Line Drive, 78M)
Lloyd Alberink scores
Pitching: LHP Jerry Clephane
Batting: SHB Stephen Yates 0-0: Foul Ball, location: 2F
0-1: Ball
1-1: SINGLE (Line Drive, 78S)
Arnie Latham to third
Runner from 3rd tries for Home, SAFE, no throw or cutoff
Batting: LHB Emery Miller 0-0: Foul Ball, location: 2F
0-1: Swinging Strike
0-2: Foul Ball, location: 2F
0-2: Strikes out swinging
Batting: LHB Luis Velázquez 0-0: Ball
1-0: Foul Ball, location: 2F
1-1: Foul Ball, location: 2F
1-2: Ball
2-2: Foul Ball, location: 2F
2-2: Strikes out looking
Top of the 5th over - 2 run(s), 3 hit(s), 0 error(s), 1 left on base; Bakersfield 3 - Royse City 0
BOTTOM OF THE 5TH
Royse City Targaryens batting - Pitching for Bakersfield Nobles : LHP Tomiji Saikawa
Batting: LHB Juan Valdéz 0-0: Ball
1-0: Ground out 4-3 (Groundball, 4)
Batting: RHB Thomas Dunlap 0-0: Swinging Strike
0-1: Called Strike
0-2: Foul Ball, location: 2F
0-2: Ball
1-2: Strikes out looking
Batting: LHB Miguel Juárez 0-0: Ball
1-0: Ball
2-0: Ball
3-0: Ground out 2-3 (Groundball, 2R)
Bottom of the 5th over - 0 run(s), 0 hit(s), 0 error(s), 0 left on base; Bakersfield 3 - Royse City 0
TOP OF THE 6TH
Bakersfield Nobles batting - Pitching for Royse City Targaryens : LHP Jerry Clephane
Batting: LHB Juan González 0-0: Ball
1-0: SINGLE (Groundball, 34)
Batting: RHB Floyd Mitchell 0-0: Sac Bunt - play at first, batter OUT! 1-3
Juan González to second
Batting: RHB Ron Gérard 0-0: Ground out 6-3 (Groundball, 6)
Batting: RHB Lloyd Alberink 0-0: Ball
1-0: Called Strike
1-1: Swinging Strike
1-2: Foul Ball, location: 2F
1-2: Fly out, F8 (Flyball, 8LM)
Top of the 6th over - 0 run(s), 1 hit(s), 0 error(s), 1 left on base; Bakersfield 3 - Royse City 0
BOTTOM OF THE 6TH
Royse City Targaryens batting - Pitching for Bakersfield Nobles : LHP Tomiji Saikawa
Batting: RHB Henry Jones 0-0: Called Strike
0-1: Ball
1-1: Foul Ball, location: 2F
1-2: Ball
2-2: Fly out, F4 (Popup, 4)
Batting: RHB Ray Porch 0-0: Foul Ball, location: 2F
0-1: Ball
1-1: Foul Ball, location: 2F
1-2: Ball
2-2: Foul Ball, location: 2F
2-2: Ball
3-2: Fly out, F9 (Line Drive, 89M)
Batting: RHB Steve Dunn 0-0: Called Strike
0-1: Ground out 5-3 (Groundball, 5S)
Bottom of the 6th over - 0 run(s), 0 hit(s), 0 error(s), 0 left on base; Bakersfield 3 - Royse City 0
TOP OF THE 7TH
Bakersfield Nobles batting - Pitching for Royse City Targaryens : LHP Jerry Clephane
Batting: RHB Dong-po Tien 0-0: Called Strike
0-1: Foul Ball, location: 2F
0-2: Foul Ball, location: 2F
0-2: Fly out, F9 (Line Drive, 9M)
Batting: RHB Arnie Latham 0-0: Swinging Strike
0-1: Ball
1-1: Called Strike
1-2: Strikes out swinging
Pitching: LHP Eugene Baker
Batting: SHB Stephen Yates 0-0: Fly out, F3 (Line Drive, 34)
Top of the 7th over - 0 run(s), 0 hit(s), 0 error(s), 0 left on base; Bakersfield 3 - Royse City 0
BOTTOM OF THE 7TH
Royse City Targaryens batting - Pitching for Bakersfield Nobles : LHP Tomiji Saikawa
Batting: RHB Steve Brandon 0-0: Ball
1-0: Called Strike
1-1: Ball
2-1: Fly out, F4 (Popup, 3D)
Batting: RHB Brian King 0-0: Ball
1-0: Foul Ball, location: 2F
1-1: SINGLE (Groundball, 15S) (infield hit)
Batting: LHB Fernando Ramírez 0-0: Called Strike
0-1: Ball
1-1: Ball
2-1: Foul Ball, location: 2F
2-2: Ball
3-2: SINGLE (Groundball, 4MD)
Brian King to second
Brian King to third
Batting: LHB Juan Valdéz 0-0: Foul Ball, location: 2F
0-1: Ball
1-1: Ball
2-1: Ball
3-1: Base on Balls
Fernando Ramírez to second
Pinch Hitting: RHB Nick Simmons 0-0: Swinging Strike
0-1: Foul Ball, location: 2F
0-2: Ball
1-2: Grounds into double play, 6-4-3 (Groundball, 6)
Bottom of the 7th over - 0 run(s), 2 hit(s), 0 error(s), 2 left on base; Bakersfield 3 - Royse City 0
TOP OF THE 8TH
Bakersfield Nobles batting - Pitching for Royse City Targaryens : LHP Eugene Baker
Now in CF: Jim Unknown
Batting: LHB Emery Miller 0-0: Ball
1-0: Called Strike
1-1: Foul Ball, location: 2F
1-2: DOUBLE (Line Drive, 89M)
Batting: LHB Luis Velázquez 0-0: Swinging Strike
0-1: Fly out, F9 (Flyball, 89D)
Runner from 2nd tags up, SAFE at 3rd, no throw
Batting: LHB Juan González 0-0: Called Strike
0-1: Foul Ball, location: 2F
0-2: Foul Ball, location: 2F
0-2: Ball
1-2: SINGLE (Popup, 8LS)
Emery Miller scores
Batting: RHB Floyd Mitchell 0-0: Ball
1-0: Called Strike
1-1: Fly out, F7 (Flyball, 8LM)
Batting: RHB Ron Gérard 0-0: Fly out, F8 (Flyball, 8RM)
Top of the 8th over - 1 run(s), 2 hit(s), 0 error(s), 1 left on base; Bakersfield 4 - Royse City 0
BOTTOM OF THE 8TH
Royse City Targaryens batting - Pitching for Bakersfield Nobles : LHP Tomiji Saikawa
Batting: LHB Miguel Juárez 0-0: Ball
1-0: Fly out, F9 (Line Drive, 89D)
Batting: RHB Henry Jones 0-0: Ball
1-0: Called Strike
1-1: SINGLE (Line Drive, 8RS)
Batting: RHB Ray Porch 0-0: Called Strike
0-1: Foul Ball, location: 2F
0-2: Grounds into double play, 4-6-3 (Groundball, 4)
Bottom of the 8th over - 0 run(s), 1 hit(s), 0 error(s), 0 left on base; Bakersfield 4 - Royse City 0
TOP OF THE 9TH
Bakersfield Nobles batting - Pitching for Royse City Targaryens : LHP Eugene Baker
Batting: RHB Lloyd Alberink 0-0: Swinging Strike
0-1: Ball
1-1: Ball
2-1: Foul Ball, location: 2F
2-2: Strikes out swinging
Batting: RHB Dong-po Tien 0-0: Called Strike
0-1: Ball
1-1: Ball
2-1: DOUBLE (Line Drive, 5D)
Batting: RHB Arnie Latham 0-0: Intentional Walk
Batting: SHB Stephen Yates 0-0: Ball
1-0: Swinging Strike
1-1: Ball
2-1: Ball
3-1: Base on Balls
Dong-po Tien to third
Arnie Latham to second
Batting: LHB Emery Miller 0-0: Called Strike
0-1: Ball
1-1: Foul Ball, location: 2F
1-2: Strikes out swinging
Batting: LHB Luis Velázquez 0-0: Swinging Strike
0-1: Fly out, F8 (Flyball, 8LD)
Top of the 9th over - 0 run(s), 1 hit(s), 0 error(s), 3 left on base; Bakersfield 4 - Royse City 0
BOTTOM OF THE 9TH
Royse City Targaryens batting - Pitching for Bakersfield Nobles : LHP Tomiji Saikawa
Batting: RHB Steve Dunn 0-0: Called Strike
0-1: Ball
1-1: Ground out 4-3 (Groundball, 4)
Batting: RHB Steve Brandon 0-0: Ball
1-0: Called Strike
1-1: Ball
2-1: Fly out, F9 (Flyball, 9M)
Batting: RHB Brian King 0-0: Called Strike
0-1: Ball
1-1: Ball
2-1: Fly out, F8 (Line Drive, 89D)
Bottom of the 9th over - 0 run(s), 0 hit(s), 0 error(s), 0 left on base; Bakersfield 4 - Royse City 0
This league is powered by Out of the Park Baseball, the baseball management simulation game for PC, Mac and Linux
Friday, January 22nd, 2016 - OOTP Baseball 16.9 Build 39